Map: [ESL] Gresvan

Players

HeroMarine

  • Race: Terran Terran

Maru - Winner!

  • Race: Terran Terran

Event: IEM Katowice 2023

VOD

Have the link to the VOD?

Description

Time

  • Played on: Feb. 9, 2023, 12:10 p.m.
  • Length: 7:49

All games in this series

Show
View Real Time Build Order
Export as new Build Order

HeroMarine Terran 

Build Orders:  

Get SALT Encoding   

  12  0:00  SCV  
  13  0:12  SCV  
  14  0:17  Supply Depot  
  14  0:24  SCV  
  15  0:38  SCV  
  15  0:40  Barracks  
  16  0:43  Refinery  
  16  0:50  SCV  
  16  0:53  Refinery  
  17  1:03  SCV  
  18  1:15  SCV  
  19  1:27  Orbital Command, Reaper  
  19  1:31  Supply Depot  
  20  1:42  Factory  
  20  1:52  SCV  
  21  1:59  Barracks Reactor  
  21  2:04  SCV  
  22  2:16  SCV  
  23  2:24  Command Center  
  23  2:29  Hellion  
  25  2:30  SCV  
  25  2:36  Reaper x2  
  27  2:42  SCV  
  28  2:50  Hellion  
  30  2:53  Supply Depot  
  30  2:54  SCV  
  30  3:06  SCV  
  31  3:15  Reaper x2, Hellion  
  31  3:17  Starport  
  31  3:18  SCV  
  36  3:30  SCV  
  36  3:33  Refinery  
  36  3:43  SCV  
  36  3:47  Marine x2, Factory Tech Lab  
  38  3:55  SCV  
  39  3:59  Starport Tech Lab  
  39  4:04  Orbital Command  
  39  4:05  Marine x2  
  39  4:07  Cyclone  
  39  4:08  SCV, Refinery  
  43  4:22  Marine x2  
  43  4:23  SCV  
  44  4:25  Raven  
  44  4:31  Factory  
  47  4:39  Siege Tank  
  47  4:42  Supply Depot  
  47  4:44  Marine x2  
  51  4:51  SCV x2  
  53  4:55  Supply Depot  
  53  5:09  Viking x2  
  53  5:13  Siege Tank  
  60  5:17  Supply Depot  
  60  5:23  Siege Tank  
  63  5:39  Viking x2  
  67  5:45  Siege Tank, Supply Depot  
  70  5:55  Siege Tank  
  73  6:07  Supply Depot  
  73  6:09  Viking x2  
  77  6:17  Siege Tank  
  81  6:18  SCV x2  
  82  6:27  Siege Tank  
  82  6:30  Supply Depot  
  83  6:39  Viking x2  
  84  6:41  SCV x2  
  86  6:51  Siege Tank  
  89  6:57  SCV x2  
  89  6:59  Siege Tank  
  93  7:09  SCV x2  
  82  7:21  SCV x2  
  64  7:33  SCV x2  
Show
View Real Time Build Order
Export as new Build Order

Maru Terran - Winner!

Build Orders:  

Get SALT Encoding   

  12  0:00  SCV  
  13  0:12  SCV  
  14  0:16  Supply Depot  
  14  0:25  SCV  
  15  0:38  SCV  
  15  0:39  Barracks  
  16  0:43  Refinery  
  16  0:50  SCV  
  16  0:52  Refinery  
  17  1:02  SCV  
  18  1:14  SCV  
  19  1:26  Orbital Command, Reaper  
  19  1:32  Supply Depot  
  20  1:42  Factory  
  20  1:52  SCV  
  21  1:58  Reaper  
  22  2:04  SCV  
  23  2:16  SCV  
  23  2:22  Command Center  
  24  2:28  SCV  
  24  2:29  Hellion  
  27  2:33  Reaper  
  28  2:39  Supply Depot  
  28  2:40  SCV  
  28  2:52  SCV  
  28  2:53  Starport  
  28  2:58  Widow Mine  
  30  3:05  SCV  
  31  3:07  Barracks Reactor  
  31  3:17  SCV  
  31  3:19  Factory Tech Lab  
  32  3:29  Starport Tech Lab, SCV  
  34  3:40  Cyclone  
  34  3:41  SCV  
  36  3:46  Marine x2  
  36  3:53  SCV  
  36  4:01  Raven  
  35  4:03  Marine x2  
  35  4:04  Command Center  
  35  4:05  SCV  
  36  4:17  SCV  
  36  4:22  Orbital Command  
  35  4:25  Siege Tank  
  35  4:28  Marine x2  
  35  4:29  SCV  
  41  4:36  Refinery  
  41  4:41  SCV  
  42  4:48  SCV  
  43  4:53  SCV, Raven  
  46  5:00  SCV  
  46  5:03  Barracks  
  46  5:05  Barracks  
  46  5:06  Factory Reactor  
  47  5:07  SCV  
  47  5:11  Marine  
  47  5:12  SCV  
  47  5:13  Supply Depot  
  50  5:18  Orbital Command  
  50  5:19  SCV  
  51  5:24  Stimpack  
  51  5:29  Marine  
  51  5:30  SCV  
  51  5:34  Starport Reactor  
  53  5:37  Engineering Bay  
  53  5:39  SCV  
  53  5:40  Engineering Bay  
  53  5:42  SCV  
  55  5:45  SCV  
  55  5:48  Marine  
  57  5:51  SCV  
  57  5:54  SCV, Supply Depot  
  57  5:55  Siege Tank  
  62  5:59  Marine x2  
  62  6:01  Marine x2  
  66  6:05  SCV  
  66  6:06  Orbital Command  
  66  6:11  SCV  
  67  6:14  Supply Depot  
  67  6:17  Marine x2, Medivac  
  71  6:20  Marine  
  71  6:21  Marine  
  71  6:22  Marine, Refinery  
  74  6:32  Siege Tank  
  76  6:33  SCV x3  
  76  6:35  Marine x2  
  76  6:38  Marine  
  76  6:39  Marine  
  83  6:40  Marine  
  83  6:42  Supply Depot  
  83  6:43  Medivac  
  83  6:45  SCV x2  
  89  6:47  SCV  
  89  6:55  Medivac, Barracks  
  89  6:57  Barracks, SCV  
  89  6:58  SCV  
  93  7:04  Marine  
  93  7:06  Supply Depot  
  93  7:07  Marine  
  95  7:14  Marine  
  88  7:15  Marine x2  
  88  7:18  Viking  
  88  7:20  SCV x3  
  87  7:25  Marine  
  87  7:27  Marine  
  85  7:32  SCV  
  85  7:34  SCV x2  
  85  7:46  Barracks Reactor x2  

Tags
 
Add a new tag
Caveats
  • Supply blocks, unpowered buildings, or Contaminate may cause inaccurate times.
  • Supply counts are checked every 10 seconds.